AoeStats
← |GaoeG| flamingo

Enclosed

504282557Analyzed
1v1 RM · 27d ago on Sep 4, 2026· 18m 0s· 2 players
Game mode
Random Map
Map size
Tiny (2 player)
Population
200
Speed
Normal
Resources
Standard
Victory
Conquest
Starting age
Dark Age
Ending age
Imperial Age
RankedLock teamsTeams togetherTeam positionsShared explorationLock speedFull tech treeHidden civsTurbo modeCheats
Victory
Defeat
🇸🇪 Wei · Sweden
1427
+14
🇪🇸 Bohemians · Spain
1389
-14
TheRealDonaldTrump
7:02 Loom
9:31 Feudal Age
10:23 Double-Bit Axe
10:21 Horse Collar
12:01 Wheelbarrow
13:38 Bloodlines
15:42 Fletching
|GaoeG| flamingo
7:46 Loom
10:10 Feudal Age
15:05 Castle Age
14:07 Double-Bit Axe
Connection lost

Rejoining the realm…

Still unreachable

The connection could not be restored.

Session expired

The server has moved on; the page needs a fresh start.